Map: Ulzaan

Players

Clamjammer

  • Race: Terran Terran
  • League: Platinum
  • Spawn Location: 11:00

StinkPickle

  • Race: Protoss Protoss
  • League: Platinum
  • Spawn Location: 9:00

OpuS

  • Race: Protoss Protoss
  • League: Platinum
  • Spawn Location: 1:00

Sketchaphone

  • Race: Zerg Zerg
  • League: Platinum
  • Spawn Location: 3:00

VOD

Have the link to the VOD?

Description

Time

  • Played on: Feb. 20, 2019, 9:46 p.m.
  • Length: 14:12
Show
View Real Time Build Order
Export as new Build Order

Clamjammer Terran 

Build Orders:  

Get SALT Encoding   

  12  0:01  SCV  
  13  0:13  SCV  
  14  0:21  Supply Depot  
  14  0:25  SCV  
  16  0:42  SCV  
  16  0:44  Supply Depot  
  16  0:48  Barracks  
  16  0:55  SCV  
  17  0:59  Refinery  
  17  1:07  SCV  
  18  1:19  SCV  
  19  1:39  Command Center  
  19  1:46  Barracks Tech Lab  
  19  1:50  Refinery  
  19  2:03  Barracks  
  19  2:12  Orbital Command  
  19  2:27  Barracks  
  19  2:31  Marine  
  20  2:48  Stimpack  
  20  2:49  Marine  
  21  2:58  Factory  
  21  3:02  SCV  
  22  3:07  Marine  
  22  3:12  Marine  
  24  3:19  Engineering Bay  
  24  3:25  Marine  
  25  3:27  Barracks Tech Lab  
  25  3:30  SCV x2  
  27  3:35  Supply Depot  
  27  3:42  SCV x2  
  27  3:44  Factory Reactor  
  27  3:46  Barracks Reactor  
  29  4:11  Marine x2  
  31  4:21  Marine  
  30  4:28  Marine  
  30  4:29  Marine  
  31  4:36  Marine  
  32  4:38  Combat Shield  
  32  4:39  Marine  
  33  4:46  Starport, Marine x2  
  33  4:49  SCV  
  36  4:54  Marine  
  36  4:55  Terran Infantry Weapons Level 1  
  36  4:58  SCV  
  38  5:01  SCV  
  38  5:02  Marine  
  38  5:04  Marine  
  38  5:07  Marine  
  41  5:12  Marine  
  43  5:17  Supply Depot  
  43  5:21  Orbital Command  
  43  5:22  SCV  
  44  5:30  Marine x2  
  46  5:37  Factory Tech Lab, Marine x2  
  46  5:41  Medivac  
  50  5:46  Medivac  
  52  5:50  Supply Depot  
  52  5:52  SCV  
  52  5:56  Liberator  
  53  5:58  Missile Turret  
  53  6:05  Missile Turret, SCV  
  57  6:27  Marine x4  
  61  6:33  Medivac  
  63  6:45  Marine x2  
  63  7:23  Marine x3  
  63  7:24  Marine  
  58  7:41  Marine x4  
  48  8:01  Marine x4  
  48  8:02  Concussive Shells  
  48  8:04  Terran Infantry Armor Level 1, SCV  
  48  8:05  SCV  
  54  8:09  Refinery  
  54  8:11  Refinery  
  54  8:15  Supply Depot  
  54  8:17  SCV x2  
  54  8:18  Marine  
  57  8:21  Marine  
  57  8:22  Marine x2  
  60  8:29  SCV x2  
  62  8:41  SCV x2  
  64  8:46  Marine x3  
  64  8:48  Medivac x2  
  71  8:52  Supply Depot  
  71  8:53  SCV x2  
  73  9:05  SCV x2  
  75  9:49  Marine x4  
  76  10:07  Marine x4  
  70  10:24  Marine x2  
  70  10:25  Marine x2  
  73  10:42  Marine x3  
  73  10:43  Marine  
  75  10:58  SCV x2  
  75  11:00  Marine x4  
  81  11:10  SCV x2  
  83  11:18  Marine x3  
  86  11:54  Marine  
  86  11:59  Marine  
  86  12:01  Marine, SCV  
  86  12:02  Marine  
  86  12:04  SCV  
  85  12:12  Marine  
  85  12:14  SCV  
  86  12:22  Marine  
  86  12:25  Marine  
  86  12:28  Marine  
  86  12:30  Marine  
  85  12:38  Medivac  
  86  12:46  Supply Depot  
  86  12:51  Armory  
  86  12:53  Command Center  
  86  13:08  Medivac, Marauder, Marine x2, SCV x2  
  94  13:23  Supply Depot  
  94  13:37  Marine x2  
  94  13:41  SCV x2  
  94  13:44  Marine x2  
  98  13:53  SCV  
  98  13:54  SCV  
  98  14:10  Barracks  
Show
View Real Time Build Order
Export as new Build Order

StinkPickle Protoss 

Build Orders: 1 Gate Expand, Phoenix Opening, Mass Phoenix 

Get SALT Encoding   

  12  0:01  Probe  
  13  0:15  Pylon  
  13  0:18  Probe  
  14  0:30  Probe  
  15  0:38  Gateway  
  15  0:59  Probe  
  16  1:10  Probe  
  17  1:18  Probe  
  17  1:24  Nexus  
  18  1:26  Probe  
  19  1:36  Cybernetics Core  
  19  1:41  Assimilator  
  19  1:48  Assimilator  
  19  1:49  Probe  
  19  2:06  Probe  
  20  2:14  Probe  
  20  2:17  Pylon  
  20  2:22  Probe  
  22  2:30  Probe  
  23  2:38  Probe  
  24  2:44  Stargate  
  24  2:51  Shield Battery  
  24  2:54  Probe x2  
  26  3:04  Pylon  
  26  3:06  Probe x2  
  26  3:10  Stargate  
  28  3:16  Pylon  
  28  3:18  Probe  
  28  3:19  Phoenix  
  31  3:36  Shield Battery  
  31  3:41  Probe  
  31  3:42  Shield Battery, Probe  
  31  3:44  Phoenix  
  35  4:06  Pylon  
  35  4:15  Pylon  
  35  4:21  Forge, Phoenix x2  
  39  4:48  Shield Battery  
  39  4:55  Photon Cannon  
  39  5:01  Phoenix x2  
  43  5:07  Assimilator  
  43  5:13  Pylon, Probe x2, Assimilator  
  45  5:17  Phoenix  
  47  5:32  Probe x2  
  49  5:42  Protoss Air Weapons Level 1, Phoenix  
  51  5:43  Phoenix  
  51  5:44  Probe x2  
  55  5:56  Probe x2  
  57  6:08  Probe x2  
  59  6:20  Probe  
  59  6:21  Probe  
  59  6:22  Phoenix x2  
  65  6:32  Probe  
  65  6:33  Probe  
  65  6:35  Pylon  
  67  6:45  Probe x2  
  69  6:47  Phoenix x2  
  73  6:57  Probe x2  
  75  7:09  Probe x2  
  74  8:12  Phoenix  
  74  8:13  Phoenix  
  76  8:53  Phoenix x2  
  80  9:41  Phoenix  
  80  9:42  Phoenix  
  75  10:06  Phoenix  
  63  12:55  Probe  
  63  12:56  Probe  
Show
View Real Time Build Order
Export as new Build Order

OpuS Protoss 

Build Orders:  

Get SALT Encoding   

  12  0:00  Probe  
  13  0:13  Probe  
  14  0:19  Pylon  
  14  0:25  Probe  
  15  0:39  Gateway  
  15  0:43  Probe  
  16  0:51  Probe  
  16  0:52  Assimilator  
  16  0:54  Assimilator  
  17  1:01  Probe  
  18  1:12  Gateway  
  18  1:16  Probe  
  18  1:24  Probe  
  19  1:31  Cybernetics Core  
  20  1:49  Probe  
  20  1:54  Pylon  
  21  2:05  Probe  
  22  2:11  Stalker x2  
  22  2:12  Warp Gate  
  26  2:17  Pylon  
  26  2:32  Probe  
  27  2:39  Robotics Facility  
  27  2:44  Probe  
  28  2:54  Stalker  
  28  2:56  Stalker, Probe  
  33  3:15  Pylon  
  33  3:26  Observer  
  33  3:35  Probe  
  34  3:42  Nexus  
  34  3:43  Probe  
  35  3:51  Probe  
  36  4:03  Probe  
  37  4:16  Probe  
  38  4:28  Probe  
  38  4:30  Stalker  
  38  4:31  Stalker  
  43  4:36  Twilight Council  
  43  4:40  Probe  
  43  4:43  Warp Prism  
  46  4:48  Gateway  
  46  4:52  Probe  
  47  4:54  Blink  
  47  4:59  Probe  
  48  5:01  Stalker  
  48  5:03  Stalker  
  48  5:04  Probe  
  53  5:11  Probe  
  54  5:16  Probe  
  55  5:23  Probe, Gateway  
  56  5:43  Stalker  
  56  5:44  Stalker x2  
  56  5:49  Pylon  
  62  5:51  Pylon  
  62  5:53  Pylon  
  62  6:00  Shield Battery  
  62  6:03  Pylon  
  62  6:07  Probe x2  
  64  6:17  Dark Shrine  
  64  6:19  Probe x2  
  64  6:21  Observer  
  67  6:26  Shield Battery  
  67  6:31  Probe x2  
  69  6:36  Stalker x2  
  69  6:37  Stalker  
  75  6:43  Probe  
  75  6:45  Stalker  
  35  7:30  Dark Templar x3  
  35  7:36  Probe x2  
  27  7:57  Probe x2  
  25  8:04  Stalker x3  
  31  8:09  Probe x2  
  33  8:15  Stalker  
  35  8:21  Probe x2  
  37  8:33  Stalker x2, Probe  
  42  8:35  Probe  
  37  8:45  Probe  
  37  8:46  Forge  
  37  8:47  Probe  
  37  8:54  Pylon  
  37  8:57  Assimilator  
  37  8:58  Probe  
  38  9:03  Assimilator  
  35  9:26  Photon Cannon  
  33  9:31  Shield Battery  
  33  9:36  Photon Cannon  
  33  10:17  Dark Shrine  
  33  10:35  Probe x2  
  35  10:47  Probe  
  36  10:53  Templar Archives  
  36  10:57  Probe  
  36  10:59  Probe  
  38  11:10  Psionic Storm, Probe  
  39  11:16  Pylon  
  39  11:22  Photon Cannon  
  39  11:25  Photon Cannon x2  
  39  11:26  Probe x2  
  41  11:33  Pylon  
  41  11:37  Photon Cannon  
  41  11:38  Probe  
  42  11:42  Photon Cannon  
  42  11:46  Shield Battery, Photon Cannon  
  42  11:50  Dark Templar  
  42  11:52  Dark Templar  
  40  12:03  Probe x2  
  36  12:15  Probe x2  
  30  12:20  Dark Templar  
  22  12:27  Probe x2  
  17  12:39  Probe  
  16  12:57  Pylon  
  16  13:01  Probe  
  17  13:09  Probe  
  18  13:33  Dark Templar  
  20  13:46  High Templar x3  
  23  14:06  High Templar  
Show
View Real Time Build Order
Export as new Build Order

Sketchaphone Zerg 

Build Orders: Hatch First, Roach Nydus 

Get SALT Encoding   

  12  0:01  Drone  
  13  0:12  Overlord  
  13  0:17  Drone  
  14  0:22  Extractor  
  14  0:23  Drone  
  15  0:30  Drone  
  15  0:34  Drone  
  17  0:57  Hatchery  
  17  0:58  Drone  
  17  1:07  Drone, Extractor  
  17  1:25  Spawning Pool  
  16  1:35  Drone  
  16  1:36  Overlord  
  16  1:37  Drone  
  18  1:48  Drone  
  19  1:59  Drone  
  20  2:12  Metabolic Boost  
  20  2:13  Queen  
  20  2:14  Zergling x2  
  23  2:20  Drone  
  23  2:21  Queen  
  26  2:37  Zergling x2  
  26  2:44  Roach Warren  
  26  2:45  Drone  
  27  2:56  Drone  
  28  3:00  Pneumatized Carapace  
  28  3:11  Zergling x2  
  29  3:14  Drone  
  30  3:22  Overlord  
  30  3:29  Roach  
  30  3:30  Roach x2  
  36  3:36  Overlord  
  36  3:50  Roach  
  36  3:55  Spore Crawler  
  36  4:03  Drone  
  36  4:04  Drone x2  
  36  4:09  Hatchery  
  38  4:11  Spore Crawler  
  38  4:13  Zergling x2  
  38  4:40  Roach x2  
  38  4:41  Roach, Drone x2  
  38  4:45  Lair  
  46  4:47  Overlord  
  46  4:50  Extractor  
  45  4:55  Drone x4  
  49  5:01  Overlord  
  49  5:17  Drone  
  49  5:18  Drone x2  
  49  5:19  Drone x3  
  49  5:20  Drone x2  
  57  5:39  Spore Crawler  
  56  5:43  Spore Crawler  
  56  5:46  Spore Crawler  
  56  5:49  Overlord  
  54  5:50  Overlord, Nydus Network  
  54  5:54  Overlord  
  54  5:56  Overlord  
  53  6:02  Drone  
  53  6:03  Overlord  
  54  6:04  Glial Reconstitution  
  54  6:08  Roach  
  56  6:12  Roach  
  56  6:13  Drone  
  56  6:16  Drone  
  56  6:18  Drone  
  61  6:30  Roach x2  
  61  6:31  Roach x2  
  69  6:33  Drone  
  70  6:42  Hydralisk Den  
  70  6:43  Evolution Chamber  
  70  6:44  Drone  
  70  6:45  Drone  
  70  6:47  Evolution Chamber  
  70  6:48  Drone  
  70  7:03  Nydus Canal  
  70  7:05  Roach x3  
  70  7:06  Roach x2  
  80  7:09  Drone x2  
  80  7:15  Zerg Missile Weapons Level 1  
  71  7:39  Queen  
  71  7:43  Hydralisk x2  
  76  7:48  Zergling x10  
  73  8:00  Hatchery  
  73  8:03  Nydus Canal  
  66  8:14  Drone x2  
  66  8:15  Queen, Drone x3, Extractor x2  
  71  8:26  Hydralisk  
  69  8:31  Drone x4  
  72  8:34  Hydralisk  
  72  8:37  Overlord x2  
  72  8:38  Overlord  
  74  8:55  Queen  
  76  9:03  Hydralisk x3  
  76  9:09  Hydralisk  
  84  9:22  Hydralisk x2  
  88  9:30  Nydus Canal  
  86  9:32  Hydralisk  
  86  9:34  Drone x3  
  93  9:42  Drone x3  
  93  9:43  Drone x2  
  93  9:44  Extractor  
  90  9:46  Hydralisk x2  
  69  10:09  Nydus Canal  
  57  10:19  Spawning Pool  
  36  10:54  Spore Crawler  
  36  10:55  Spore Crawler  
  5  11:20  Drone x3  
  5  11:22  Drone x2  
  9  11:31  Nydus Canal  
  3  12:03  Hatchery  
  3  13:20  Drone  
  3  13:50  Drone x3  
Tags
 
Add a new tag
Caveats
  • Supply blocks, unpowered buildings, or Contaminate may cause inaccurate times.
  • Supply counts are checked every 10 seconds.